 Dungeon Crawl Stone Soup version 0.20.2-3-g29329e0561 (webtiles) character file.

161 Alfie the Covered (level 5, -2/46 HPs)
             Began as a Hill Orc Fighter on Oct 17, 2023.
             Slain by Natasha (4 damage)
             ... on level 2 of the Dungeon.
             The game lasted 00:05:19 (1358 turns).

Alfie the Covered (Hill Orc Fighter)                Turns: 1358, Time: 00:05:19

Health: -2/46      AC:  7    Str: 19 (20) XL:     5   Next: 42%
Magic:  5/5        EV:  7    Int:  5 (8)  God:
Gold:   79         SH:  9    Dex:  9 (10) Spells: 4/4 levels left

rFire    . . .     SeeInvis .   a - +0 rapier
rCold    . . .     Gourm    .   c - +0 shield
rNeg     . . .     Faith    .   b - +0 scale mail
rPois    .         Spirit   .   (no helmet)
rElec    .         Reflect  .   (no cloak)
rCorr    .         Harm     .   (no gloves)
MR       .....                  (no boots)
Stlth    ..........             (no amulet)
Regen    0.2/turn               (no ring)
MPRegen  0.1/turn               (no ring)

@: slowed, very slow
A: no striking features
a: no special abilities


You were on level 2 of the Dungeon.
You were not hungry.

You visited 1 branch of the dungeon, and saw 3 of its levels.

You collected 79 gold pieces.

Inventory:

Hand Weapons
 a - a +0 rapier (weapon)
Armour
 b - a +0 scale mail (worn)
 c - a +0 shield (worn)
Jewellery
 i - an uncursed ring of flight {unknown}
Scrolls
 e - 3 scrolls of remove curse {unknown}
 g - a scroll of magic mapping {unknown}
 k - a scroll of amnesia {unknown}
 m - a scroll of fog {unknown}
 n - a scroll of recharging {unknown}
Potions
 d - a potion of degeneration
 h - a potion of haste {unknown}
 j - a potion of magic {unknown}
Comestibles
 f - a bread ration
 o - a meat ration


   Skills:
 + Level 4.2 Fighting
 + Level 3.3 Short Blades
 + Level 4.3 Armour
 + Level 0.5 Dodging
 + Level 0.1 Stealth
 + Level 4.2 Shields


You had 4 spell levels left.
You didn't know any spells.

Dungeon Overview and Level Annotations

Branches:
Dungeon (3/15)

Altars:

Annotations:
D:2 Natasha


Message History

Natasha closely misses you. You block Natasha's attack.
Natasha mumbles some strange words.
You block Natasha's attack.
Natasha stares at you and mumbles some strange words.
The magic dart hits you!
* * * LOW HITPOINT WARNING * * *
Natasha stares at you and mumbles some strange words.
You feel yourself slow down.
Natasha stares at you and mumbles some strange words.
The magic dart hits you!
* * * LOW HITPOINT WARNING * * *
Natasha mewls in sadness.
You block Natasha's attack. x2
Natasha claws you but does no damage. Natasha claws you!
* * * LOW HITPOINT WARNING * * *
Natasha casts a spell.
Natasha claws you.
You die...

#.# ##...†>##.# #.... #.#
####.###.# #.... #.#
#.###.#####.... #.#
#.............. ##.###
###..........#. #....#
##............. #....#
#.†............
#....#######..............
#........@h55.........<...
#....#######.<............
#....# #..............
###### ##............#
##..........##
############


You could see an iron imp, Natasha and a white imp.

Vanquished Creatures
  Jessica (D:2)
  Natasha (twice) (D:2)
  A gnoll (D:1)
  4 adders (D:2)
  An ooze (D:2)
  A dart slug (D:1)
  2 leopard geckos (D:1)
  2 giant cockroaches (D:2)
  2 goblins
  2 hobgoblins (D:1)
  5 jackals
  3 bats
  6 frilled lizards
  2 kobolds (D:1)
  3 rats
37 creatures vanquished.

Notes
Turn   | Place    | Note
-------+----------+-------------------------------------------
     0 | D:1      | Alfie the Hill Orc Fighter began the quest for the Orb.
     0 | D:1      | Reached XP level 1. HP: 19/19 MP: 1/1
   108 | D:1      | Reached XP level 2. HP: 13/27 MP: 2/2
   296 | D:1      | Reached XP level 3. HP: 19/33 MP: 3/3
   939 | D:2      | Reached XP level 4. HP: 22/40 MP: 4/4
   944 | D:2      | Noticed Jessica
   950 | D:2      | Killed Jessica
  1185 | D:2      | Noticed Natasha
  1211 | D:2      | Killed Natasha
  1211 | D:2      | Reached XP level 5. HP: 39/46 MP: 5/5
  1284 | D:2      | Noticed Natasha
  1302 | D:2      | Killed Natasha
  1343 | D:2      | Noticed Natasha
  1357 | D:2      | HP: 2/46 [Natasha (7)]
  1358 | D:2      | Slain by Natasha

Skill      XL: |  1  2  3  4 |
---------------+-------------+-----
Armour         | 4 |  4.3
Fighting       | 4 |  4.2
Short Blades   | 3 |  3.3
Shields        | 4 |  4.2
Dodging        | |  0.5
Stealth        | |  0.1

Action                   |  1- 3 |  4- 6 || total
-------------------------+-------+-------++-------
Melee: Rapier            |   110 |    36 ||   146
  Use: Potion            |       |     3 ||     3
  Eat: Bread ration      |       |     1 ||     1
Armor: Scale mail        |    55 |    19 ||    74
Dodge: Dodged            |    34 |     6 ||    40
Block: Shield            |    60 |    22 ||    82
